Map: Ascension to Aiur LE

Players

AlexUA - Winner!

  • Race: Zerg Zerg
  • League: Grandmaster
  • Spawn Location: 5:00

MonstR

  • Race: Terran Terran
  • League: Master
  • Spawn Location: 11:00

VOD

https://www.youtube.com/watch?v=2uBLNo0TAtY

Description

Time

  • Played on: Aug. 1, 2017, 1:51 a.m.
  • Length: 5:50
Show
View Real Time Build Order
Export as new Build Order

AlexUA Zerg - Winner!

Build Orders: Hatch First, Roach Nydus 

Get SALT Encoding   

  12  0:01  Drone  
  13  0:13  Overlord  
  13  0:20  Drone  
  14  0:32  Drone x2  
  16  0:37  Drone  
  17  0:53  Hatchery  
  16  0:58  Drone  
  16  1:00  Drone  
  18  1:05  Extractor  
  17  1:15  Spawning Pool  
  17  1:17  Drone  
  17  1:21  Drone  
  18  1:33  Drone  
  19  1:44  Overlord  
  19  1:53  Drone  
  20  2:04  Queen  
  20  2:05  Queen  
  24  2:09  Drone  
  24  2:12  Drone  
  26  2:29  Drone  
  27  2:30  Drone  
  27  2:31  Drone x2  
  27  2:33  Drone  
  31  2:41  Lair  
  31  2:48  Drone x3  
  34  2:51  Extractor  
  34  2:53  Extractor  
  34  2:54  Roach Warren  
  34  2:55  Drone  
  32  3:00  Overlord  
  32  3:08  Drone  
  32  3:10  Drone  
  34  3:15  Drone x2  
  34  3:17  Queen  
  38  3:23  Drone x3  
  38  3:24  Drone  
  42  3:32  Overlord  
  42  3:40  Nydus Network  
  42  3:41  Queen  
  41  3:45  Overlord  
  43  3:52  Roach x2  
  47  3:57  Roach x2  
  51  4:09  Roach  
  57  4:10  Roach x3  
  58  4:19  Roach x2  
  58  4:23  Roach  
  60  4:26  Overlord  
  60  4:31  Nydus Canal  
  59  4:40  Overlord  
  59  4:41  Overseer  
  59  4:45  Roach x2  
  63  4:51  Roach x2  
  67  5:06  Roach x3  
  69  5:07  Roach  
  59  5:16  Roach  
  59  5:17  Roach x2  
  59  5:24  Roach x2  
  57  5:29  Roach  
Show
View Real Time Build Order
Export as new Build Order

MonstR Terran 

Build Orders: Hellion Banshee 

Get SALT Encoding   

  12  0:00  SCV  
  13  0:13  SCV  
  14  0:20  Supply Depot  
  14  0:25  SCV  
  15  0:30  Refinery  
  15  0:41  SCV  
  16  0:53  Barracks  
  16  0:54  SCV  
  17  1:06  SCV  
  18  1:18  SCV  
  19  1:31  SCV  
  20  1:41  Reaper  
  20  1:43  Orbital Command  
  21  1:54  Command Center  
  21  2:03  Factory  
  21  2:08  SCV  
  22  2:15  Supply Depot  
  22  2:17  Barracks Reactor  
  22  2:20  SCV  
  23  2:25  Refinery  
  23  2:36  SCV  
  24  2:48  SCV  
  24  2:50  Starport  
  25  3:00  SCV  
  25  3:01  Barracks Tech Lab  
  25  3:02  Hellion x2  
  30  3:07  Orbital Command  
  30  3:13  SCV  
  31  3:23  Hellion x2  
  31  3:25  SCV  
  36  3:37  Banshee, Cloaking Field  
  36  3:40  SCV x2  
  41  3:45  Supply Depot  
  41  3:50  Cyclone  
  41  3:52  Hellion  
  46  4:06  SCV x2  
  47  4:13  Cyclone  
  50  4:23  Hellion  
  48  4:28  Banshee  
  48  4:29  SCV  
  48  4:32  SCV  
  48  4:35  Command Center  
  49  4:39  Supply Depot  
  49  4:41  SCV  
  49  4:44  Supply Depot, SCV  
  51  4:52  Cyclone  
  53  5:01  Hellion  
  21  5:23  Hellion  
Tags
 
Add a new tag
Caveats
  • Supply blocks, unpowered buildings, or Contaminate may cause inaccurate times.
  • Supply counts are checked every 10 seconds.